 Dungeon Crawl Stone Soup version 0.31.0-11-ge490571c62 (webtiles) character file.

Game seed: 11497309465861751465

2117 qw the Skirmisher (level 9, -1/50 HPs)
             Began as a Deep Elf Hunter on Feb 4, 2024.
             Was a Follower of Okawaru.
             Slain by Maggie
             ... wielding a +0 glaive
              (12 damage)
             ... on level 7 of the Dungeon.
             The game lasted 00:00:23 (4580 turns).

qw the Skirmisher (Deep Elf Hunter)                 Turns: 4580, Time: 00:00:23

Health: -1/50      AC:  7    Str: 12    XL:     9   Next: 8%
Magic:  12/14      EV: 15    Int: 15    God:    Okawaru [*.....]
Gold:   294        SH:  0    Dex: 18    Spells: 8/8 levels left

rFire   . . .        d - +6 orcbow "Trog's Vengeance" {freeze, ^Fragile rN++}
rCold   . . .        (shield currently unavailable)
rNeg    + + .        f - +0 ring mail
rPois   .            h - +0 helmet
rElec   .            i - scarf {repulsion}
rCorr   .            (no gloves)
SInv    .            (no boots)
Will    .....        n - amulet of regeneration
Stlth   +++          (no ring)
HPRegen 1.08/turn    (no ring)
MPRegen 0.14/turn

%: repel missiles
@: about to teleport, heroic, mesmerised
A: no striking features
a: Renounce Religion, Heroism


You were on level 7 of the Dungeon.
You worshipped Okawaru.
Okawaru was aware of your devotion.
You visited 1 branch of the dungeon, and saw 7 of its levels.

You collected 294 gold pieces.


   Skills:
 - Level 3.0(8.0) Fighting
 - Level 14.1(19.1) Ranged Weapons
 - Level 1.3(6.3) Armour
 + Level 4.0(9.0) Dodging
 - Level 1.2(6.2) Stealth
 - Level 4.0 Invocations


You had 8 spell levels left.
You didn't know any spells.
Your spell library was empty.

Inventory:

Hand Weapons
 d - the +6 orcbow "Trog's Vengeance" (weapon) {freeze, ^Fragile rN++}
   (You acquired it on level 1 of the Dungeon)

   rN++:      It greatly protects you from negative energy.
   ^Fragile:  It will be destroyed if unequipped.
Armour
 f - a +0 ring mail (worn)
 h - a +0 helmet (worn)
 i - a scarf of repulsion (worn)
Jewellery
 n - an amulet of regeneration (around neck)
Wands
 b - a wand of polymorph (7)
Scrolls
 e - 4 scrolls of teleportation
 l - a scroll of brand weapon
Potions
 a - 3 potions of might
 c - a potion of heal wounds {unknown}
 g - a potion of mutation
 j - a potion of resistance
 k - 3 potions of curing
 m - a potion of enlightenment {unknown}
 q - a potion of degeneration {unknown}
 r - a potion of brilliance {unknown}
 s - a potion of ambrosia {unknown}

Dungeon Overview and Level Annotations

Branches:
Dungeon (7/15)             Temple (0/1) D:5

Altars:
Nemelex Xobeh
Okawaru
Sif Muna
Uskayaw
Xom
Zin

Annotations:
D:6 1 runed translucent door, qw's ghost, novice SpHu
D:7 Maggie


Message History

You shoot an arrow. The arrow hits the wyvern.
The arrow freezes the wyvern.
The wyvern is moderately wounded.
The orc warrior misses you. The wyvern closely misses you.
You shoot an arrow. The arrow hits the wyvern.
The arrow freezes the wyvern.
The wyvern is severely wounded.
The wyvern barely misses you. The sleepcap misses you.
The orc warrior hits you with a +0 dire flail!
You shoot an arrow. The arrow hits the wyvern!
The arrow freezes the wyvern.
You kill the wyvern!
Okawaru accepts your kill.
The sleepcap releases spores at you but does no damage.
The orc priest mumbles some strange prayers to Beogh against you.
Beogh smites you! The orc warrior misses you.
Your base Ranged Weapons skill increases to level 14!
You shoot an arrow.
The arrow hits the orc warrior but does no damage.
The sleepcap releases spores at you but does no damage.
The orc warrior closely misses you.
You shoot an arrow. The arrow hits the orc warrior.
The arrow freezes the orc warrior.
The orc warrior is moderately wounded.
The sleepcap barely misses you. The orc priest closely misses you.
Maggie barely misses you.
You shoot an arrow. The arrow hits the orc warrior!
The arrow freezes the orc warrior.
The orc warrior is severely wounded.
The orc warrior misses you. The sleepcap misses you.
You shoot an arrow. The arrow hits the orc warrior.
The arrow freezes the orc warrior.
The orc warrior is almost dead.
Maggie gestures wildly while chanting.
Maggie draws you further into her thrall.
The orc priest looks satisfied for a moment.
The orc warrior hits you with a +0 dire flail!
4580 ||| READING 5 scrolls of teleportation.
As you read the scroll of teleportation, it crumbles to dust.
You feel strangely unstable. The sleepcap barely misses you.
Maggie hits you from afar with a +0 glaive!
You die...

......##......
.............
............
...........
..........#
..........#
#....oo#
##..@f@##
#.......#
#.......#
..........#
.........##
...##.?.## ...
##### .>


You could see Maggie (mesmerising), an orc warrior, a sleepcap and an orc
priest.

Vanquished Creatures
  Sigmund (D:2)
  A wyvern (D:7)
  Eustachio (D:5)
  Duvessa (D:6)
  A black bear (D:4)
  2 ogres
  2 centaurs (D:5)
  A kobold brigand (D:6)
  2 bullfrogs
  4 scorpions
  Dowan (D:6)
  A bombardier beetle (D:3)
  A jelly (D:6)
  4 hounds
  Jessica (D:2)
  A gnoll bouda (D:6)
  An iguana (D:5)
  2 sleepcaps
  4 orc wizards (D:6)
  Robin (D:2)
  5 gnolls (D:6)
  6 adders
  A white imp (D:5)
  4 dart slugs
  19 orcs
  7 endoplasms
  A giant cockroach (D:1)
  20 goblins
  9 hobgoblins
  9 jackals
  13 kobolds
  3 quokkas
  7 ball pythons
  4 bats
  3 frilled lizards
  7 rats
151 creatures vanquished.

Notes
Turn   | Place    | Note
-------+----------+-------------------------------------------
     0 | D:1      | qw the Deep Elf Hunter began the quest for the Orb.
     0 | D:1      | Reached XP level 1. HP: 12/12 MP: 3/3
     0 | D:1      | 0 ||| qw: Version: 0.3-a-160-g6735b56
     0 | D:1      | 0 ||| qw: Game counter: 4503
     0 | D:1      | 0 ||| qw: Melee chars always use a shield: true
     0 | D:1      | 0 ||| qw: God list: Okawaru
     0 | D:1      | 0 ||| qw: Allow faded altars: false
     0 | D:1      | 0 ||| qw: Do Orc after clearing Dungeon:15 true
     0 | D:1      | 0 ||| qw: Do second Lair branch before Depths: true
     0 | D:1      | 0 ||| qw: Lair rune preference: random
     0 | D:1      | 0 ||| qw: Goals: Normal
     0 | D:1      | 0 ||| PLANNING D:1-11
   102 | D:1      | Reached XP level 2. HP: 16/16 MP: 4/4
   215 | D:1      | Reached skill level 6 in Ranged Weapons
   540 | D:1      | Found a hide-covered altar of Uskayaw.
   794 | D:1      | 794 ||| READING scroll labelled BOC NEB XEUQA.
   794 | D:1      | Identified a scroll of acquirement
   794 | D:1      | 794 ||| ACQUIRING +6 orcbow "Trog's Vengeance" {freeze,
                  | ^Fragile rN++}
   794 | D:1      | Acquired the +6 orcbow "Trog's Vengeance" {freeze, ^Fragile
                  | rN++}
   796 | D:1      | 796 ||| SWAPPING to +6 orcbow "Trog's Vengeance" {freeze,
                  | ^Fragile rN++}.
   797 | D:1      | 797 ||| DROPPING +0 shortbow.
   798 | D:1      | 798 ||| READING 3 scrolls labelled GUSEDI PUIL.
   803 | D:1      | 803 ||| READING scroll labelled XOLEDI NACA.
   804 | D:1      | 804 ||| READING scroll labelled BIGIURO JUWN.
   805 | D:1      | 805 ||| READING scroll labelled UXEARI JAKINAB.
   806 | D:1      | 806 ||| DRINKING 2 lumpy brown potions.
   807 | D:1      | 807 ||| DROPPING scroll of butterflies.
   819 | D:2      | Noticed Jessica
   820 | D:2      | Killed Jessica
   821 | D:2      | Reached skill level 7 in Ranged Weapons
   821 | D:2      | Reached XP level 3. HP: 20/20 MP: 5/5
  1001 | D:2      | Noticed Sigmund
  1003 | D:2      | 1003 ||| FLEEEEING.
  1004 | D:2      | 1004 ||| FLEEEEING.
  1005 | D:2      | 1005 ||| FLEEEEING.
  1013 | D:2      | Killed Sigmund
  1014 | D:2      | Reached skill level 9 in Ranged Weapons
  1014 | D:2      | Reached XP level 4. HP: 8/25 MP: 6/6
  1014 | D:2      | Reached XP level 5. HP: 9/29 MP: 7/7
  1345 | D:2      | Noticed Robin
  1350 | D:2      | Killed Robin
  1351 | D:2      | Reached skill level 3 in Dodging
  1635 | D:2      | 1635 ||| UPGRADING to +0 helmet.
  1640 | D:2      | 1640 ||| READING scroll labelled WER HIMUWIEM.
  1640 | D:2      | 1640 ||| IDENTIFYING viscous brown potion
  1641 | D:2      | 1641 ||| READING scroll labelled ONIGESTYNA.
  1841 | D:3      | Reached XP level 6. HP: 35/35 MP: 8/8
  2400 | D:3      | 2400 ||| UPGRADING to +0 ring mail.
  2410 | D:3      | 2410 ||| DROPPING +0 leather armour.
  2411 | D:3      | 2411 ||| UPGRADING to scarf of repulsion.
  2416 | D:3      | 2416 ||| READING scroll of identify.
  2416 | D:3      | 2416 ||| IDENTIFYING smoky cyan potion
  2417 | D:3      | 2417 ||| READING scroll labelled HASEAB ZEQAMN.
  2473 | D:4      | Reached skill level 10 in Ranged Weapons
  2527 | D:4      | Found a shimmering blue altar of Sif Muna.
  2529 | D:4      | Found a sparkling altar of Nemelex Xobeh.
  2530 | D:4      | Found an iron altar of Okawaru.
  2531 | D:4      | 2531 ||| PLANNING OKAWARU WORSHIP
  2531 | D:4      | 2531 ||| READING scroll of identify.
  2531 | D:4      | 2531 ||| IDENTIFYING sedimented inky potion
  2532 | D:4      | 2532 ||| READING scroll labelled HATRUVV UF DIFF.
  2534 | D:4      | 2534 ||| Stepping ~*~*~tactically~*~*~ (cloud).
  2587 | D:4      | Became a worshipper of Warmaster Okawaru
  2588 | D:4      | 2588 ||| PLANNING D:1-11
  2735 | D:4      | Reached skill level 1 in Armour
  2735 | D:4      | Reached XP level 7. HP: 40/40 MP: 9/9
  3092 | D:4      | 3092 ||| READING scroll of identify.
  3092 | D:4      | 3092 ||| IDENTIFYING sapphire potion
  3109 | D:5      | Entered Level 5 of the Dungeon
  3113 | D:5      | Reached skill level 11 in Ranged Weapons
  3123 | D:5      | Reached * piety under Okawaru
  3171 | D:5      | Reached skill level 1 in Invocations
  3290 | D:5      | Noticed Eustachio
  3291 | D:5      | 3291 ||| INVOKING Heroism.
  3300 | D:5      | Killed Eustachio
  3301 | D:5      | Reached skill level 12 in Ranged Weapons
  3322 | D:5      | Found a staircase to the Ecumenical Temple.
  3334 | D:5      | Found a shimmering altar of Xom.
  3334 | D:5      | Noticed an angel
  3353 | D:5      | Found a glowing silver altar of Zin.
  3366 | D:5      | Reached XP level 8. HP: 45/45 MP: 9/11
  3462 | D:5      | Reached skill level 3 in Fighting
  3465 | D:5      | Reached skill level 3 in Invocations
  3760 | D:5      | 3760 ||| UPGRADING to amulet of regeneration.
  3765 | D:5      | 3765 ||| DRINKING 2 silvery potions.
  3766 | D:5      | 3766 ||| DRINKING 2 lumpy yellow potions.
  3810 | D:5      | 3810 ||| DROPPING potion of attraction.
  3811 | D:5      | 3811 ||| DROPPING potion of lignification.
  4079 | D:6      | Reached skill level 13 in Ranged Weapons
  4240 | D:6      | Found a runed translucent door.
  4338 | D:6      | Noticed Dowan
  4340 | D:6      | Killed Dowan
  4341 | D:6      | Noticed Duvessa
  4342 | D:6      | 4342 ||| INVOKING Heroism.
  4343 | D:6      | 4343 ||| DRINKING potion of haste.
  4347 | D:6      | Killed Duvessa
  4543 | D:6      | Noticed qw's ghost (novice SpHu)
  4545 | D:6      | 4545 ||| DROPPING +0 robe of willpower.
  4546 | D:6      | 4546 ||| READING scroll labelled QIMETI XITE.
  4565 | D:7      | 4565 ||| RETREEEEATING.
  4566 | D:7      | 4566 ||| RETREEEEATING.
  4566 | D:7      | Noticed Maggie
  4567 | D:7      | 4567 ||| INVOKING Heroism.
  4572 | D:7      | Reached XP level 9. HP: 50/50 MP: 11/14
  4576 | D:7      | Reached skill level 14 in Ranged Weapons
  4579 | D:7      | HP: 10/50 [orc warrior/+0 dire flail (10)]
  4580 | D:7      | 4580 ||| READING 5 scrolls of teleportation.
  4580 | D:7      | Slain by Maggie

Levels and vault maps discovered:
D:1:      sevenhm_arrival_forest_fort_small_6, layout_rooms, serial_forest,
          infiniplex_forest_clump_long, infiniplex_forest_corner_1,
          infiniplex_forest_straight_5, infiniplex_forest_clump_C,
          infiniplex_forest_corner_1, infiniplex_forest_lined_room_3,
          infiniplex_forest_clump_tiny, infiniplex_forest_side_room
D:2:      layout_loops_ring, uniq_jessica, uniq_crazy_yiuf_cottage,
          uniq_sigmund, uniq_robin
D:3:      layout_basic, serial_curves, eino_curves_02, eino_curves_01,
          eino_curves_04, eino_curves_02, minivault_27, solitary_fountain
D:4:      layout_loops_cross, gammafunk_temple_overflow_forgotten
D:5:      layout_cave_pools, grunt_temple_overflow_order_and_chaos_1,
          temple_pool_b, grunt_ministairs_13, uniq_eustachio
D:6:      nicolae_cairo_tiling_very_big, layout_basic,
          ebering_ghost_reflecting_pool, uniq_duvessa
D:7:      layout_rooms, minivault_26, uniq_maggie, uniq_menkaure

Skill      XL: |  1  2  3  4  5  6  7  8  9 |
---------------+----------------------------+-----
Ranged Weapons | 7 9 10 12 13 14 | 14.1
Dodging        | 3 4 |  4.0
Fighting       | 2 3 |  3.0
Armour         | 1 |  1.3
Invocations    | 1 4 |  4.0
Stealth        | |  1.2

Action                     |  1- 3 |  4- 6 |  7- 9 || total
---------------------------+-------+-------+-------++-------
   Fire: Shortbow          |    61 |       |       ||    61
         Orcbow            |    10 |    90 |   157 ||   257
 Invoke: Heroism           |       |       |     3 ||     3
    Use: Scroll            |     5 |     6 |     3 ||    14
         Potion            |     1 |       |     3 ||     4
 Armour: Leather armour    |    12 |     5 |       ||    17
         Ring mail         |       |     2 |    24 ||    26
  Dodge: Dodged            |    13 |     8 |    48 ||    69

Table legend:
 A = Non-vault XP
 B = Vault XP
 C = Vault XP percentage of total XP
 D = Non-vault monster count
 E = Vault monster count
 F = Vault count percentage of total count
                 A         B        C        D         E       F
            +---------+---------+-------+---------+---------+-------
      Total |    2104 |     921 |  30.4 |     131 |      20 |  13.2
            +---------+---------+-------+---------+---------+-------
        D:1 |      40 |       0 |   0.0 |      22 |       0 |   0.0
        D:2 |      19 |     307 |  94.2 |      14 |      15 |  51.7
        D:3 |     152 |       0 |   0.0 |      31 |       0 |   0.0
        D:4 |     412 |       0 |   0.0 |      20 |       0 |   0.0
        D:5 |     577 |     403 |  41.1 |      11 |       3 |  21.4
        D:6 |     598 |     211 |  26.1 |      30 |       2 |   6.2
        D:7 |     306 |       0 |   0.0 |       3 |       0 |   0.0
            +---------+---------+-------+---------+---------+-------
